 Dungeon Crawl Stone Soup version 0.28.0-53-g5a82cb258f (webtiles) character file.

Game seed: 7673337549385496892

324 Zeld the Conjurer (level 6, -6/32 HPs)
             Began as a Deep Elf Conjurer on May 24, 2022.
             Killed from afar by an orc wizard (9 damage)
             ... with a puff of flame
             ... on level 3 of the Dungeon.
             The game lasted 00:03:19 (2843 turns).

Zeld the Conjurer (Deep Elf Conjurer)               Turns: 2843, Time: 00:03:19

Health: -6/32      AC:  3    Str:  4    XL:     6   Next: 23%
Magic:  15/16      EV: 13    Int: 25    God:
Gold:   30         SH:  0    Dex: 13    Spells: 4/15 levels left

rFire   . . .      SeeInvis .   a - +2 short sword (venom)
rCold   . . .      Faith    .   (no shield)
rNeg    . . .      Spirit   .   e - +0 robe
rPois   .          Reflect  .   (no helmet)
rElec   .          Harm     .   o - +0 cloak
rCorr   .          Rampage  .   (no gloves)
Will    .....                   (no boots)
Stlth   ++........              f - amulet of magic regeneration
HPRegen 0.10/turn               (no ring)
MPRegen 0.55/turn               (no ring)

@: very slightly contaminated
A: no striking features
a: no special abilities


You were on level 3 of the Dungeon.
You visited 1 branch of the dungeon, and saw 3 of its levels.

You collected 30 gold pieces.

Inventory:

Hand Weapons
 a - a +2 short sword of venom (weapon)
Armour
 e - a +0 robe (worn)
 o - a +0 cloak (worn)
Jewellery
 f - an amulet of magic regeneration (around neck)
Scrolls
 b - a scroll of teleportation {unknown}
 d - a scroll of summoning {unknown}
 g - a scroll of enchant weapon {unknown}
 i - a scroll of magic mapping {unknown}
 j - a scroll of torment {unknown}
 p - a scroll of fear {unknown}
Potions
 c - a potion of attraction {unknown}
 h - a potion of magic {unknown}
 k - a potion of curing {unknown}
 l - a potion of flight {unknown}
 m - a potion of invisibility {unknown}
 n - a potion of lignification {unknown}


   Skills:
 + Level 4.0 Dodging
 - Level 2.4 Stealth
 * Level 5.3 Spellcasting
 * Level 6.0 Conjurations
 - Level 2.0 Hexes
 - Level 2.0 Translocations


You had 4 spell levels left.
You knew the following spells:

 Your Spells              Type           Power      Damage    Failure   Level
a - Magic Dart            Conj           100%       1d8       1%          1
b - Searing Ray           Conj           72%        2d7       1%          2
c - Fulminant Prism       Conj/Hex       13%        3d9       16%         4
d - Iskenderun's Mystic   Conj/Tloc      26%        2d7       16%         4

Your spell library contained the following spells:

 Spells                   Type           Power      Damage    Failure   Level
 Slow                     Hex            64%        N/A       3%          1
 Dazzling Flash           Conj/Hex       52%        N/A       4%          3
 Confusing Touch          Hex            16%        N/A       11%         3
 Vampiric Draining        Necr           6%         2d6       24%         3
 Fireball                 Conj/Fire      10%        3d6       54%         5
 Starburst                Conj/Fire      10%        6d5       98%         6
 Ignition                 Fire           3%         3d4       100%        8


Dungeon Overview and Level Annotations

Branches:
Dungeon (3/15)

Altars:
Ashenzari
The Shining One


Message History

(Press . to maintain the ray.)
The frilled lizard closely misses you.
An orc wizard appears from thin air!
Reactivating autopickup.
Casting: Searing Ray (safe; 1% risk of failure)
Confirm with . or Enter, or press ? or * to list all spells.
Aiming: Searing Ray (safe; 1% risk of failure)
Press: ? - help, Shift-Dir - straight line, f - orc
Aim: an orc, wielding a +0 hand axe (81% to hit)
You miscast Searing Ray.
You are very lightly contaminated with residual magic.
Nothing appears to happen.
The frilled lizard closely misses you.
Unknown command.
Casting: Searing Ray (safe; 1% risk of failure)
Confirm with . or Enter, or press ? or * to list all spells.
Aiming: Searing Ray (safe; 1% risk of failure)
Press: ? - help, Shift-Dir - straight line, f/p - orc
Aim: an orc, wielding a +0 hand axe (81% to hit)
The searing ray misses the frilled lizard.
The searing ray misses the orc wizard.
The searing ray hits the orc!
You kill the orc! (Press . to maintain the ray.)
The frilled lizard barely misses you.
The searing ray hits the frilled lizard.
You kill the frilled lizard!
The orc wizard barely misses you.
The orc wizard mumbles some strange words.
The orc wizard flickers and vanishes!
Deactivating autopickup; reactivate with Ctrl-A.
Casting: Searing Ray (safe; 1% risk of failure)
Confirm with . or Enter, or press ? or * to list all spells.
You can't see any susceptible monsters within range! (Use Z to cast anyway.) Unknown command.
You hit something. Something hits you.
* * * LOW HITPOINT WARNING * * *
You closely miss something.
You hear some strange, mumbled words.
A puff of flame appears from out of thin air!
The puff of flame hits you!
You die...

....#...#.#.#.#.)..##
...#+...+#.#.#.#..## ...+
...#.#.#.#.)## ...#.#+#.#.#.#.#.#
...+#[#.#.#.#.#.w# #
...#.#.#.#.#.#...# .#
...+#.#.#.#.#.#..## ##.##
...#.#.#.#.#.#.#{.## ##...#
....#)#.#.#.#.#.@..## ##.....
##.#.#.#.#.#.#.#..8.## ##.8....
#.#.#.#.#.#.#+#+.....#####.......
##.#.#.#.#.#.....................
###########.......###.......†...
#.......# ######...†.. #.......#
#†##### #.......# #.†# #...#####
#### ##.#


You could see a worm.

Vanquished Creatures
  Sigmund (D:2)
  Crazy Yiuf (D:2)
  3 gnolls (D:2)
  3 adders
  3 worms (D:2)
  A dart slug (D:2)
  3 orcs (D:3)
  2 endoplasms
  3 giant cockroaches
  4 goblins
  3 hobgoblins
  6 jackals
  A quokka (D:1)
  7 ball pythons
  2 bats (D:1)
  6 frilled lizards
  9 kobolds
  A quokka skeleton (D:2)
  4 rats
63 creatures vanquished.

Vanquished Creatures (others)
  A kobold (D:3)
  A fungus (D:2)
  3 plants (D:3)
5 creatures vanquished.

Grand Total: 68 creatures vanquished

Notes
Turn   | Place    | Note
-------+----------+-------------------------------------------
     0 | D:1      | Zeld the Deep Elf Conjurer began the quest for the Orb.
     0 | D:1      | Reached XP level 1. HP: 10/10 MP: 6/6
    80 | D:1      | Found a faded altar of an unknown god.
   304 | D:1      | Reached XP level 2. HP: 15/15 MP: 6/8
   366 | D:1      | Learned a level 2 spell: Searing Ray
   908 | D:2      | Reached skill level 1 in Hexes
   908 | D:2      | Reached XP level 3. HP: 19/19 MP: 7/10
  1138 | D:2      | Noticed Sigmund
  1280 | D:2      | Killed Sigmund
  1281 | D:2      | Reached skill level 5 in Conjurations
  1281 | D:2      | Reached XP level 4. HP: 17/24 MP: 5/12
  1281 | D:2      | Reached XP level 5. HP: 20/28 MP: 5/14
  1286 | D:2      | Learned a level 4 spell: Fulminant Prism
  1291 | D:2      | Learned a level 4 spell: Iskenderun's Mystic Blast
  1645 | D:2      | Found a glowing golden altar of the Shining One.
  1767 | D:2      | Found a broken altar of Ashenzari.
  1779 | D:2      | Reached skill level 5 in Spellcasting
  2447 | D:2      | Found a runed translucent door.
  2447 | D:2      | Identified the +5 mace "Xaumyg" {vorpal, Will+ Int+3 Dex+5}
  2449 | D:2      | Noticed Crazy Yiuf
  2455 | D:2      | Killed Crazy Yiuf
  2456 | D:2      | Reached XP level 6. HP: 32/32 MP: 12/15
  2638 | D:3      | Reached skill level 6 in Conjurations
  2843 | D:3      | Killed from afar by an orc wizard

Illustrated notes

Levels and vault maps discovered:
D:1:      tarquinn_simple_flora_water_a, layout_loops_ring,
          dreamdust_ecumenical_altar_hidden_monk_grotto, hangedman_decor_lopped
D:2:      minmay_skewed_foursquare, layout_rooms, basic_altar,
          supply_closet_lemuel, minmay_hexomino_r4, uniq_sigmund,
          uniq_crazy_yiuf_cottage
D:3:      layout_basic, nicolae_overflow_ecumenical_swirl,
          lexackson_kobold_supper

Skill      XL: |  1  2  3  4  5  6 |
---------------+-------------------+-----
Hexes          | 1 2 |  2.0
Dodging        | 3 4 |  4.0
Spellcasting   | 4 5 |  5.3
Conjurations   | 5 6 |  6.0
Translocations | 2 |  2.0
Stealth        | |  2.4

Action                   |  1- 3 |  4- 6 || total
-------------------------+-------+-------++-------
Melee: Dagger            |    13 |       ||    13
       Punch             |     1 |     1 ||     2
       Short sword       |       |    54 ||    54
       Mace              |       |     5 ||     5
 Cast: Magic Dart        |    22 |     6 ||    28
       Searing Ray       |     4 |    11 ||    15
 Stab: Sleeping          |     1 |     1 ||     2
Armor: Robe              |     4 |    25 ||    29
Dodge: Dodged            |    12 |    87 ||    99
